 Dungeon Crawl Stone Soup version 0.17-a0-1481-gfdcec5c (webtiles) character file.

3917 urechis the Fighter (level 10, -4/77 HPs)
             Began as an Octopode Fighter on July 4, 2015.
             Was a Priest of Dithmenos.
             Blown up by a centaur (11 damage)
             ... with a wand of disintegration
             ... on level 9 of the Dungeon.
             The game lasted 00:25:15 (9338 turns).

urechis the Fighter (Octopode Fighter)              Turns: 9338, Time: 00:25:15

Health: -4/77      AC:  4    Str: 19    XL:     10   Next: 20%
Magic:  10/10      EV: 11    Int: 12    God:    Dithmenos [***...]
Gold:   623        SH: 11    Dex: 14    Spells: 0 memorised, 9 levels left

rFire  . . .     SeeInvis +     a - +0 long sword
rCold  + . .     Clarity  .     D - +2 shield {AC+3}
rNeg   . . .     SustAt   .     (helmet restricted)
rPois  .         Gourm    .     B - amulet of resist corrosion
rElec  .         Spirit   .     i - ring of protection from cold
rCorr  +         Warding  .     s - ring of teleportation
rMut   .         Rnd*Tele +     q - ring of see invisible
MR     .....                    t - +4 ring of strength
Stlth  +++.......               (no ring)
                                (no ring)
                                (no ring)
                                (no ring)

@: wreathed by umbra, not resistant to hostile enchantments, fairly stealthy
A: almost no armour, amphibious, 8 rings, constrict 8, camouflage 1, gelatinous
body 1
a: Shadow Step, Renounce Religion, Evoke Teleportation


You were on level 9 of the Dungeon.
You worshipped Dithmenos.
Dithmenos was most pleased with you.
You were not hungry.

You visited 2 branches of the dungeon, and saw 10 of its levels.
You also visited: Ossuary.

You collected 753 gold pieces.
You spent 130 gold pieces at shops.

Inventory:

Hand weapons
 a - a +0 long sword (weapon)
 b - a +0 blowgun
Missiles
 u - 53 poisoned needles
Armour
 D - a +2 shield of protection (worn)
Jewellery
 i - a ring of protection from cold (left tentacle)
 q - a ring of see invisible (on tentacle)
 s - a ring of teleportation (right tentacle)
 t - a +4 ring of strength (on tentacle)
 B - an amulet of resist corrosion (around mantle)
 K - an uncursed ring of positive energy {unknown}
Scrolls
 f - 3 scrolls of recharging
 g - 6 scrolls of teleportation
 j - 2 scrolls of enchant armour
 o - 2 scrolls of fear {unknown}
 r - a scroll of magic mapping {unknown}
 y - 4 scrolls of remove curse
 C - 3 scrolls of brand weapon
 E - a scroll of fog {unknown}
 M - a scroll of identify
Potions
 c - 2 potions of might
 e - 9 potions of curing
 h - a potion of cancellation {unknown}
 k - 2 potions of poison {unknown}
 l - a potion of degeneration {unknown}
 p - 2 potions of ambrosia {unknown}
 v - a potion of invisibility
 w - 3 potions of haste {unknown}
 A - a potion of lignification {unknown}
 G - 2 potions of agility {unknown}
 H - a potion of resistance {unknown}
 I - 2 potions of flight {unknown}
 J - a potion of mutation {unknown}
 L - a potion of heal wounds {unknown}
Books
 m - a book of Conjurations

   Spells                             Type                      Level
   a - Magic Dart                     Conjuration                  1
   b - Searing Ray                    Conjuration                  2
   c - Dazzling Spray                 Conjuration/Hexes            3
   d - Fulminant Prism                Conjuration/Hexes            4
   e - Iskenderun's Mystic Blast      Conjuration                  4
   f - Iskenderun's Battlesphere      Conjuration/Charms           5
 F - a book of the Earth

   Spells                             Type                      Level
   a - Leda's Liquefaction            Hexes/Earth                  4
   b - Bolt of Magma                  Conjuration/Fire/Earth       5
   c - Statue Form                    Transmutation/Earth          6
   d - Iron Shot                      Conjuration/Earth            6
   e - Shatter                        Earth                        9
Comestibles
 d - 2 bread rations
 n - 4 meat rations
 x - 2 royal jellies
 z - 7 chunks of flesh
 N - a beef jerky


   Skills:
 + Level 10.5 Fighting
 + Level 10.4 Long Blades
 - Level 3.0 Dodging
 - Level 3.0 Shields


You had 9 spell levels left.
You didn't know any spells.

Dungeon Overview and Level Annotations

Branches:
Dungeon (9/15)             Temple (1/1) D:5
   Lair: D:8-11         Orc: D:9-12

Altars:
Ashenzari
Cheibriados
Dithmenos
Elyvilon
Gozag
Kikubaaqudgha
Makhleb
Nemelex Xobeh
Okawaru
Qazlal
Ru
Sif Muna
Trog
Vehumet
Xom
Yredelemnul
Zin
The Shining One

Shops:
D:5 ?%   D:6 [

Annotations:
D:8 exclusion: gargoyle


Innate Abilities, Weirdness & Mutations

You cannot wear most types of armour.
You are amphibious.
You can wear up to eight rings at the same time.
You can use your tentacles to constrict eight enemies at once.
Your skin changes colour to match your surroundings (Stealth).
Your rubbery body absorbs attacks (AC +1).


Message History

Items here: ))) ÷ a giant club; an uncursed long sword; an uncursed shortbow; an ogre skeleton You start resting.
HP restored.
No target in view!
The centaur is too close now for your liking.
The centaur shouts!
The centaur zaps a wand.
You are blasted!
You see here an arrow.
The centaur zaps a wand.
You are blasted!
The centaur zaps a wand.
You struggle to resist.
The centaur wields a shortbow.
The centaur shoots an arrow.
The arrow hits you.
You see here an arrow.
The centaur zaps a wand.
You are blasted!
You hit the centaur. You squeeze the centaur.
The centaur is moderately wounded.
The centaur zaps a wand.
You are blasted!
* * * LOW HITPOINT WARNING * * *
The centaur zaps a wand.
You are blasted!
You die...

...........#....#
#..........'....#
#.....>...###'##
#.......†.##...#
#.........)....#
#'####'#####...#
#.##......##...#
#.......(.(....#
#....c@(.(.....#
#.........##...#
#.........##...#
#..........#....#
......(....'....#
...........#....#
#################


You could see a centaur.

Vanquished Creatures
  The ghost of emikaela the Insei, an experienced OpWn of Ru (D:5)
  Prince Ribbit (D:6)
  5 yaks (D:9)
  3 ice beasts
  A sky beast (D:9)
  2 black bears
  A necrophage (D:9)
  An orc warrior (D:8)
  3 centaurs
  A crocodile (D:9)
  3 ogres
  A big kobold (D:9)
  3 giant frogs
  A scorpion (D:4)
  2 crimson imps
  A wasp zombie (D:9)
  2 giant frog skeletons
  3 hounds
  3 orc wizards
  A giant frog zombie (D:5)
  A jelly (D:5)
  3 centaur skeletons
  3 iguanas
  7 worker ants
  A big kobold zombie (Ossuary)
  9 mummies
  A hound skeleton (D:5)
  A worker ant zombie (D:5)
  10 adders
  A shadow imp (D:9)
  An ooze (D:5)
  An adder skeleton (D:4)
  3 worms
  5 giant geckos
  22 orcs
  A bat zombie (D:6)
  5 giant cockroaches
  10 goblins
  15 hobgoblins
  16 jackals
  A ball python (D:1)
  7 bats
  2 giant gecko zombies
  7 giant newts
  2 gnoll zombies (Ossuary)
  4 hobgoblin zombies (Ossuary)
  16 kobolds
  A kobold zombie (Ossuary)
  8 quokkas
  8 rats
211 creatures vanquished.

Vanquished Creatures (others)
  A plant (D:9)
1 creature vanquished.

Grand Total: 212 creatures vanquished

Notes
Turn   | Place    | Note
--------------------------------------------------------------
     0 | D:1      | urechis the Octopode Fighter began the quest for the Orb.
     0 | D:1      | Reached XP level 1. HP: 16/16 MP: 1/1
   191 | D:1      | Reached XP level 2. HP: 5/21 MP: 2/2
   868 | D:1      | Reached XP level 3. HP: 23/26 MP: 3/3
  1253 | D:2      | Reached XP level 4. HP: 19/33 MP: 4/4
  1787 | D:2      | Reached skill level 4 in Fighting
  2303 | D:3      | Found a shadowy altar of Dithmenos.
  2314 | D:3      | Became a worshipper of Dithmenos the Shadowed
  2551 | D:4      | Found a sparkling altar of Nemelex Xobeh.
  2598 | D:4      | Reached XP level 5. HP: 31/38 MP: 5/5
  2711 | D:4      | Found a burning altar of Makhleb.
  3252 | D:4      | Reached skill level 5 in Fighting
  3252 | D:4      | Reached XP level 6. HP: 16/45 MP: 6/6
  3657 | D:5      | Entered Level 5 of the Dungeon
  3661 | D:5      | Found Nifolex's Food Emporium.
  3947 | D:5      | Reached skill level 5 in Long Blades
  4036 | D:5      | Noticed emikaela's ghost (experienced OpWn)
  4305 | D:5      | Found Beuna's Magic Scroll Shop.
  4382 | D:5      | Reached XP level 7. HP: 24/51 MP: 7/7
  4570 | D:5      | Reached skill level 6 in Fighting
  4888 | D:5      | Killed emikaela's ghost
  4888 | D:5      | Reached XP level 8. HP: 26/58 MP: 8/8
  5046 | D:5      | Found a staircase to the Ecumenical Temple.
  5053 | Temple   | Entered the Ecumenical Temple
  5173 | D:5      | Reached skill level 7 in Fighting
  5756 | D:6      | Found Ihiter's Antique Armour Emporium.
  5762 | D:6      | Bought a runed shield for 130 gold pieces
  5796 | D:6      | Noticed Prince Ribbit
  5825 | D:6      | Killed Prince Ribbit
  5825 | D:6      | Reached skill level 8 in Fighting
  5859 | D:6      | Acquired Dithmenos's first power
  6449 | D:7      | Reached XP level 9. HP: 67/67 MP: 9/9
  7660 | D:8      | Found a shimmering altar of Xom.
  7738 | D:8      | Found a sand-covered staircase.
  7749 | Ossuary  | Entered an ossuary
  7983 | D:8      | Reached skill level 9 in Fighting
  8166 | D:8      | Noticed a gargoyle
  8532 | D:9      | Found a snail-covered altar of Cheibriados.
  8892 | D:9      | Found a shattered altar of Ashenzari.
  8968 | D:9      | Acquired Dithmenos's second power
  9163 | D:9      | Reached skill level 10 in Fighting
  9165 | D:9      | Reached skill level 10 in Long Blades
  9165 | D:9      | Reached XP level 10. HP: 68/76 MP: 10/10
  9194 | D:9      | Found a sacrificial altar of Ru.
  9338 | D:9      | Blown up by a centaur

Vault maps used:
D:1:      sevenhm_arrival_forest_fort_large_2
D:2:      first_bread, minmay_misc_feat_tower
D:3:      grunt_dithmenos_smoke_and_mirrors, kennysheep_decorative_pillar
D:4:      makhleb_heckhound_becter, nemelex_xobeh_ov_fountains_minmay
D:5:      minmay_temple_entry_enclosed_plants, serial_shops, shop,
          nicolae_shop_crystal
D:6:      black_bear_nest_2, serial_shops, nicolae_shop_crystal,
          uniq_prince_ribbit1
D:8:      nicolae_overflow_crystal_walls, gup_ossuary_entry_pyramid
D:9:      old_standard_altar, lemuel_doored_altar, fedhas_altar_decomposition,
          grunt_ogre_cave, nicolae_ru_awakened_eye
Temple:   circular_temple_12
Ossuary:  ossuary_tomb_3

Action                   |  1- 3 |  4- 6 |  7- 9 | 10-12 || total
-------------------------+-------+-------+-------+-------++-------
Melee: Long sword        |    71 |   132 |   301 |    48 ||   552
 Fire: Blowgun           |       |       |     4 |       ||     4
  Use: Scroll            |       |     5 |     4 |       ||     9
       Potion            |       |       |     1 |       ||     1
 Stab: Sleeping          |     7 |    10 |    21 |       ||    38
       Distracted        |       |       |     1 |       ||     1
  Eat: Chunk             |     1 |     8 |    14 |     1 ||    24
       Beef jerky        |       |     1 |     1 |       ||     2
